 Dungeon Crawl Stone Soup version 0.29-a0-234-g0dae59b3db (webtiles) character file.

Game seed: 6831960917214412043

884 fragbeetle the Conjurer (level 8, -5/57 HPs)
             Began as a Gnoll Conjurer on Mar 2, 2022.
             Slain by a sky beast (6 damage)
             ... on level 5 of the Dungeon.
             The game lasted 00:08:23 (4084 turns).

fragbeetle the Conjurer (Gnoll Conjurer)            Turns: 4084, Time: 00:08:24

Health: -5/57      AC:  7    Str:  8    XL:     8   Next: 5%
Magic:  2/25       EV: 15    Int: 18    God:
Gold:   217        SH:  0    Dex: 11    Spells: 15/18 levels left

rFire   + . .      SeeInvis .   a - +0 short sword
rCold   . . .      Faith    .   (no shield)
rNeg    . . .      Spirit   .   g - +1 ring mail {rF+}
rPois   .          Reflect  .   m - +0 helmet
rElec   .          Harm     .   (no cloak)
rCorr   .          Rampage  .   (no gloves)
Will    .....                   (no boots)
Stlth   ++........              (no amulet)
HPRegen 0.19/turn               d - ring of magical power
MPRegen 0.19/turn               e - +4 ring of evasion

@: no status effects
A: fangs 1, strong nose, distributed training
a: no special abilities


You were on level 5 of the Dungeon.
You visited 1 branch of the dungeon, and saw 5 of its levels.

You collected 217 gold pieces.

Inventory:

Hand Weapons
 a - a +0 short sword (weapon)
 b - a +2 hunting sling of flaming
 r - a +0 hand crossbow
Missiles
 i - a throwing net
 o - 2 poisoned darts
Armour
 g - a +1 ring mail of fire resistance (worn)
 h - a +0 robe
 m - a +0 helmet (worn)
Jewellery
 d - a ring of magical power (left hand)
 e - a +4 ring of evasion (right hand)
Scrolls
 c - 2 scrolls of fog {unknown}
 f - 3 scrolls of identify {unknown}
 k - a scroll of teleportation {unknown}
 l - 2 scrolls of fear {unknown}
 p - 2 scrolls of vulnerability {unknown}
 s - a scroll of enchant armour {unknown}
Potions
 j - 2 potions of haste {unknown}
 n - 2 potions of ambrosia {unknown}
 q - a potion of degeneration {unknown}


   Skills:
 + Level 2.9 Fighting
 + Level 2.9 Short Blades
 + Level 2.9 Long Blades
 + Level 2.9 Axes
 + Level 2.9 Maces & Flails
 + Level 2.9 Polearms
 + Level 2.9 Staves
 + Level 2.9 Slings
 + Level 2.9 Bows
 + Level 2.9 Crossbows
 + Level 2.9 Throwing
 + Level 2.9 Armour
 + Level 5.4 Dodging
 + Level 5.1 Stealth
 + Level 2.9 Shields
 + Level 2.9 Unarmed Combat
 + Level 5.8 Spellcasting
 + Level 7.5 Conjurations
 + Level 2.3 Hexes
 + Level 2.3 Summonings
 + Level 2.3 Necromancy
 + Level 2.3 Translocations
 + Level 2.3 Transmutations
 + Level 2.3 Fire Magic
 + Level 2.3 Ice Magic
 + Level 2.3 Air Magic
 + Level 2.3 Earth Magic
 + Level 2.3 Poison Magic
 + Level 3.2 Invocations
 + Level 2.9 Evocations


You had 15 spell levels left.
You knew the following spells:

 Your Spells              Type           Power      Damage    Failure   Level
a - Magic Dart            Conj           100%       1d8       1%          1
b - Searing Ray           Conj           64%        2d6       2%          2

Your spell library contained the following spells:

 Spells                   Type           Power      Damage    Failure   Level
 Dazzling Flash           Conj/Hex       46%        N/A       14%         3
 Corpse Rot               Necr/Air       26%        N/A       21%         2
 Poisonous Vapours        Pois/Air       26%        N/A       21%         2
 Gell's Gravitas          Tloc           13%        N/A       38%         3
 Lesser Beckoning         Tloc           13%        N/A       38%         3
 Teleport Other           Tloc           13%        N/A       38%         3
 Fulminant Prism          Conj/Hex       11%        3d9       43%         4
 Iskenderun's Mystic Bla  Conj/Tloc      23%        2d6       43%         4


Dungeon Overview and Level Annotations

Branches:
Dungeon (5/15)
 Temple: D:4-7

Altars:
Sif Muna


Innate Abilities, Weirdness & Mutations

You have very sharp teeth.
Your uncanny sense of smell can sniff out nearby items.
Your experience applies equally to all skills.


Message History

Casting: Searing Ray (safe; 2% risk of failure)
Confirm with . or Enter, or press ? or * to list all spells.
Okay, then.
Unknown command.
Casting: Searing Ray (safe; 2% risk of failure)
Confirm with . or Enter, or press ? or * to list all spells.
Aiming: Searing Ray (safe; 2% risk of failure)
Press: ? - help, Shift-Dir - straight line (Press . to maintain the ray.)
Something hits you but does no damage.
Unknown command.
The searing ray hits something.
Something hits you but does no damage. Something hits you.
Something shocks you.
You finish channelling your searing ray.
Something hits you. Something shocks you.
Casting: Searing Ray (safe; 2% risk of failure)
Confirm with . or Enter, or press ? or * to list all spells.
Aiming: Searing Ray (safe; 2% risk of failure)
Press: ? - help, Shift-Dir - straight line (Press . to maintain the ray.)
Something hits you. Something shocks you.
* * * LOW HITPOINT WARNING * * *
Unknown command.
Something hits you but does no damage.
The searing ray hits something.
Something hits you but does no damage.
You finish channelling your searing ray.
Something hits you but does no damage.
Casting: Searing Ray (safe; 2% risk of failure)
Confirm with . or Enter, or press ? or * to list all spells.
Aiming: Searing Ray (safe; 2% risk of failure)
Press: ? - help, Shift-Dir - straight line (Press . to maintain the ray.)
Something hits you.
* * * LOW HITPOINT WARNING * * *
Something shocks you.
* * * LOW HITPOINT WARNING * * *
The searing ray hits something.
Something hits you.
* * * LOW HITPOINT WARNING * * *
Something shocks you.
You die...

... ... ##.## # ∆
#...# .#
#...######..
#......... .
#####.{.###.# ...
#.....@.....#.....
...........<.....#∆
.#...........#.#.#
#####...###.#.#
#..........
#.>.#######. #...#
## ##.## ..#


There were no monsters in sight!

Vanquished Creatures
  Menkaure (D:4)
  A water moccasin (D:3)
  2 ogres (D:4)
  A phantom (D:5)
  Blork the orc (D:4)
  2 scorpions (D:4)
  A hound (D:3)
  2 orc wizards (D:4)
  Robin (D:2)
  3 adders
  An ufetubus (D:4)
  3 worms
  A dart slug (D:4)
  2 orcs
  6 bats
  8 endoplasms
  6 giant cockroaches
  15 goblins
  7 hobgoblins
  5 jackals
  5 kobolds
  3 quokkas
  3 ball pythons
  4 frilled lizards
  3 rats
87 creatures vanquished.

Notes
Turn   | Place    | Note
-------+----------+-------------------------------------------
     0 | D:1      | fragbeetle the Gnoll Conjurer began the quest for the Orb.
     0 | D:1      | Reached XP level 1. HP: 13/13 MP: 6/6
    71 | D:1      | Reached XP level 2. HP: 17/19 MP: 1/7
   319 | D:1      | Found a faded altar of an unknown god.
   577 | D:1      | Learned a level 2 spell: Searing Ray
  1037 | D:2      | Reached XP level 3. HP: 25/25 MP: 9/9
  1038 | D:2      | Noticed Robin
  1039 | D:2      | Reached skill level 5 in Spellcasting
  1193 | D:2      | Reached skill level 1 in Invocations
  1194 | D:2      | Killed Robin
  1195 | D:2      | Reached skill level 1 in Fighting
  1195 | D:2      | Reached skill level 1 in Short Blades
  1195 | D:2      | Reached skill level 1 in Long Blades
  1195 | D:2      | Reached skill level 1 in Axes
  1195 | D:2      | Reached skill level 1 in Maces & Flails
  1195 | D:2      | Reached skill level 1 in Polearms
  1195 | D:2      | Reached skill level 1 in Staves
  1195 | D:2      | Reached skill level 1 in Slings
  1195 | D:2      | Reached skill level 1 in Bows
  1195 | D:2      | Reached skill level 1 in Crossbows
  1195 | D:2      | Reached skill level 1 in Throwing
  1195 | D:2      | Reached skill level 1 in Armour
  1195 | D:2      | Reached skill level 1 in Shields
  1195 | D:2      | Reached skill level 1 in Unarmed Combat
  1195 | D:2      | Reached skill level 1 in Evocations
  1338 | D:2      | Reached XP level 4. HP: 32/32 MP: 11/11
  2073 | D:3      | Noticed a water moccasin
  2081 | D:3      | Killed a water moccasin
  2082 | D:3      | Reached skill level 1 in Hexes
  2082 | D:3      | Reached skill level 1 in Summonings
  2082 | D:3      | Reached skill level 1 in Necromancy
  2082 | D:3      | Reached skill level 1 in Translocations
  2082 | D:3      | Reached skill level 1 in Transmutations
  2082 | D:3      | Reached skill level 1 in Fire Magic
  2082 | D:3      | Reached skill level 1 in Ice Magic
  2082 | D:3      | Reached skill level 1 in Air Magic
  2082 | D:3      | Reached skill level 1 in Earth Magic
  2082 | D:3      | Reached skill level 1 in Poison Magic
  2082 | D:3      | Reached XP level 5. HP: 24/37 MP: 12/12
  2387 | D:3      | You fall into a shaft and drop 1 floor!
  2840 | D:4      | Noticed an ogre
  2911 | D:3      | Reached XP level 6. HP: 40/44 MP: 9/13
  2988 | D:4      | Reached skill level 5 in Dodging
  3165 | D:4      | Reached XP level 7. HP: 45/50 MP: 15/15
  3289 | D:4      | Noticed Blork the orc
  3310 | D:4      | Killed Blork the orc
  3436 | D:4      | Found a shimmering blue altar of Sif Muna.
  3647 | D:4      | Noticed Menkaure
  3652 | D:4      | Killed Menkaure
  3653 | D:4      | Reached skill level 5 in Stealth
  4060 | D:5      | Entered Level 5 of the Dungeon
  4071 | D:5      | Reached XP level 8. HP: 54/57 MP: 16/16
  4084 | D:5      | HP: 1/57 [something (4)]
  4084 | D:5      | Slain by a sky beast

Illustrated notes

Levels and vault maps discovered:
D:1:      heliophobic_arrival_enchanted_forest, layout_basic,
          hellmonk_ecumenical_altar_crossroads, minmay_octomino_j4
D:2:      layout_loops_ring, st_stairs_1, uniq_robin
D:3:      layout_basic
D:4:      layout_loops_ring, kennysheep_orc_sif_temple, uniq_blork_the_orc,
          uniq_menkaure
D:5:      layout_loops_cross, mainiacjoe_overflow_small_starburst,
          overflow_temple_1_default

Skill      XL: |  1  2  3  4  5  6  7 |
---------------+----------------------+-----
Spellcasting   | 5 |  5.8
Invocations    | 1 2 3 |  3.2
Fighting       | 1 2 |  2.9
Short Blades   | 1 2 |  2.9
Long Blades    | 1 2 |  2.9
Axes           | 1 2 |  2.9
Maces & Flails | 1 2 |  2.9
Polearms       | 1 2 |  2.9
Staves         | 1 2 |  2.9
Slings         | 1 2 |  2.9
Bows           | 1 2 |  2.9
Crossbows      | 1 2 |  2.9
Throwing       | 1 2 |  2.9
Armour         | 1 2 |  2.9
Shields        | 1 2 |  2.9
Unarmed Combat | 1 2 |  2.9
Evocations     | 1 2 |  2.9
Hexes          | 1 2 |  2.3
Summonings     | 1 2 |  2.3
Necromancy     | 1 2 |  2.3
Translocations | 1 2 |  2.3
Transmutations | 1 2 |  2.3
Fire Magic     | 1 2 |  2.3
Ice Magic      | 1 2 |  2.3
Air Magic      | 1 2 |  2.3
Earth Magic    | 1 2 |  2.3
Poison Magic   | 1 2 |  2.3
Dodging        | 5 |  5.4
Stealth        | 5 |  5.1
Conjurations   | |  7.5

Action                   |  1- 3 |  4- 6 |  7- 9 || total
-------------------------+-------+-------+-------++-------
Melee: Unarmed           |     4 |       |       ||     4
       Short sword       |     2 |       |     5 ||     7
       Bite              |     1 |       |     2 ||     3
 Fire: Hunting sling     |       |    59 |     9 ||    68
 Cast: Magic Dart        |    40 |    23 |    13 ||    76
       Searing Ray       |     6 |    15 |    13 ||    34
Armor: Robe              |     3 |       |       ||     3
       Ring mail         |     6 |    13 |    13 ||    32
Dodge: Dodged            |    19 |    42 |    15 ||    76

Table legend: (Time is in decaauts)
 A = Elapsed time spent in this place.
 B = Non-inter-level travel time spent in this place.
 C = Inter-level travel time spent in this place.
 D = Time resting spent in this place.
 E = Time spent auto-exploring this place.
 F = Levels seen in this place.
 G = Mean time per level.
                   A        B        C        D        E       F      G
               +--------+--------+--------+--------+--------+-----+--------+
         Total |   4124 |   3990 |    134 |    355 |   3058 |   5 |  824.8 |
       Dungeon |   4124 |   3990 |    134 |    355 |   3058 |   5 |  824.8 |
               +--------+--------+--------+--------+--------+-----+--------+

Top non-repeatable levels by time:
     D:1: 1147 daAuts
     D:4: 1131 daAuts
     D:3: 922 daAuts
     D:2: 898 daAuts
     D:5: 23 daAuts
